 Dungeon Crawl Stone Soup version 0.17-a0-2093-gc772f4b (webtiles) character file.

6914 Ordine the Grappler (level 10, -1/153 HPs)
             Began as a Troll Monk on Oct 16, 2015.
             Slain by Ordine's ghost (11 damage)
             ... in an ice cave.
             The game lasted 00:35:54 (9141 turns).

Ordine the Grappler (Troll Monk)                    Turns: 9141, Time: 00:35:54

Health: -1/153     AC: 25    Str: 26    XL:     10   Next: 79%
Magic:  9/9        EV:  1    Int:  6    God:
Gold:   516        SH:  0    Dex: 28    Spells: 0 memorised, 9 levels left

rFire  + . .     SeeInvis .       - Unarmed
rCold  + . .     Clarity  .     (armour currently unavailable)
rNeg   + + +     SustAt   .     (no shield)
rPois  +         Gourm    +     (helmet currently unavailable)
rElec  .         Spirit   .     (cloak currently unavailable)
rCorr  .         Warding  .     (gloves unavailable)
rMut   .         NoTele   +     (boots unavailable)
MR     .....                    (no amulet)
Stlth  +++.......               J - +5 ring of strength
                                x - ring "Atoxt" {-Tele rF+ rC+ EV+3 Dex+8}

@: agile, tree-form, heavily drained, not resistant to hostile enchantments,
fairly stealthy
A: unfitting armour, (claws 0), fast metabolism 3, gourmand, regeneration 2,
(shaggy fur 0), (tough skin 0)
a: no special abilities


You were in an ice cave.
You were not hungry.
You were a tree.
You visited 3 branches of the dungeon, and saw 11 of its levels.
You also visited: Ice Cave.

You collected 516 gold pieces.

Inventory:

Missiles
 f - 238 stones
 o - 2 tomahawks
 y - 6 needles of slowing
 C - 4 javelins (quivered)
 G - 15 poisoned needles
 H - 7 needles of sleeping
 K - 5 tomahawks of returning
Armour
 a - a +1 robe (melded)
 l - the cursed +6 large shield of Ignorance {rN+ AC+2 EV+2 Int-6 *Curse}
   (You found it on level 5 of the Dungeon)

   It affects your AC (+2).
   It affects your evasion (+2).
   It affects your intelligence (-6).
   It protects you from negative energy.
   It may re-curse itself when equipped.
   It has a curse placed upon it.
Jewellery
 g - a +1 ring of evasion
 i - an uncursed ring of protection from fire
 x - the ring "Atoxt" (left branch) {-Tele rF+ rC+ EV+3 Dex+8}
   (You found it on level 6 of the Dungeon)

   [ring of evasion]

   It affects your evasion (+3).
   It affects your dexterity (+8).
   It protects you from fire.
   It protects you from cold.
   It prevents most forms of teleportation.
 z - an uncursed ring of positive energy
 J - a +5 ring of strength (right branch)
Scrolls
 e - 2 scrolls of enchant weapon
 m - a scroll of amnesia
 n - 4 scrolls of teleportation
 r - 3 scrolls of remove curse
 u - 2 scrolls of blinking
 w - a scroll of enchant armour
 E - a scroll of magic mapping
 F - a scroll of fear
Potions
 c - a potion of cure mutation
 j - a potion of lignification
 p - a potion of brilliance
 v - 2 potions of agility
 D - a potion of flight
Books
 s - a book of Maledictions

   Spells                             Type                      Level
   a - Corona                         Hexes                        1
   b - Ensorcelled Hibernation        Hexes/Ice                    2
   c - Confuse                        Hexes                        3
   d - Tukima's Dance                 Hexes                        3
   e - Dazzling Spray                 Conjuration/Hexes            3
 A - a Grand Grimoire

   Spells                             Type                      Level
   a - Monstrous Menagerie            Summoning                    6
   b - Summon Greater Demon           Summoning                    7
   c - Malign Gateway                 Summoning/Translocation      7
   d - Summon Horrible Things         Summoning                    8
 B - the Almanac of Venomous Transmigration
   (You found it on level 8 of the Dungeon)

   Spells                             Type                      Level
   a - Beastly Appendage              Transmutation                1
   b - Sticks to Snakes               Transmutation                2
   c - Stoneskin                      Transmutation/Earth          2
   d - Ignite Poison                  Fire/Transmutation/Poison    3
   e - Alistair's Intoxication        Transmutation/Poison         4
 I - a book of Beasts

   Spells                             Type                      Level
   a - Summon Butterflies             Summoning                    1
   b - Call Canine Familiar           Summoning                    3
   c - Summon Ice Beast               Ice/Summoning                4
   d - Summon Mana Viper              Hexes/Summoning              5
   e - Summon Hydra                   Summoning                    7
Comestibles
 b - 8 bread rations
 h - 2 royal jellies
 k - 5 meat rations
 q - 27 fruits


   Skills:
 + Level 7.3(5.6) Fighting
 + Level 7.4(5.8) Dodging
 - Level 1.1(0.0) Stealth
 * Level 12.2(10.3) Unarmed Combat


You had 9 spell levels left.
You didn't know any spells.

Dungeon Overview and Level Annotations

Branches:
Dungeon (9/15)             Temple (1/1) D:6            Lair (1/8) D:9
    Orc: D:9-12

Altars:
Ashenzari
Cheibriados
Dithmenos
Elyvilon
Fedhas
Gozag
Kikubaaqudgha
Makhleb
Nemelex Xobeh
Okawaru
Qazlal
Ru
Sif Muna
Trog
Vehumet
Xom
Yredelemnul
Zin
The Shining One

Annotations:
IceCv Ordine's ghost, journeyman MiBe


Innate Abilities, Weirdness & Mutations

You are too large for most types of armour.
((You have claws for hands.))
Your metabolism is lightning-fast.
You like to eat raw meat.
You heal very quickly.
((You are covered in fur (AC +1).))
((You have very tough skin (AC +2).))


Message History

You feel better. Ordine's ghost hits you!
* * * LOW HITPOINT WARNING * * *
Drink which item? (? for menu, Esc to quit)
You feel agile all of a sudden. Ordine's ghost hits you.
* * * LOW HITPOINT WARNING * * *
Unknown command.
Drink which item? (? for menu, Esc to quit)
You feel better.
Ordine's ghost hits you but does no damage.
You hit Ordine's ghost but do no damage.
Ordine's ghost is heavily damaged.
Ordine's ghost hits you!
* * * LOW HITPOINT WARNING * * *
You pummel Ordine's ghost!!
Ordine's ghost is severely damaged.
You hit Ordine's ghost but do no damage.
Ordine's ghost is severely damaged.
Ordine's ghost hits you!
You die...

##.....((......##
#.......(.......#
#...............#
#.......⌠.(.....#
#..........(....#
#...............#
#..........ZW.#
#............♣#
##...........##
##.#.....#.##
####...####
##...# #...##
#...## ##...#
##...##


You could see Ordine's ghost and a centaur simulacrum.

Vanquished Creatures
  2 ice statues (IceCv)
  The ghost of ZlagarX the Charmwright, a novice DrSk (D:5)
  3 blue devils (IceCv)
  A deep elf mage (D:9)
  5 yaks
  A wyvern (D:8)
  A deep elf fighter (D:9)
  A hippogriff (D:9)
  Edmund (D:6)
  4 wolves (Lair:1)
  The ghost of zigs the Magician, an amateur SpWz of Vehumet (D:4)
  3 ice beasts
  An orc warrior (D:5)
  A necrophage (D:9)
  A black bear (D:9)
  3 centaurs
  A wasp (D:7)
  4 ogres
  3 crocodiles (D:9)
  A big kobold (D:8)
  2 water moccasin skeletons
  3 scorpions
  6 killer bees (D:8)
  3 crimson imps
  A centaur zombie (D:6)
  2 giant frog skeletons
  An orc priest (D:7)
  A giant frog zombie (D:5)
  4 hounds
  A centaur skeleton (D:6)
  3 jellies
  Natasha (thrice) (D:3)
  4 iguanas
  6 worker ants
  3 orc wizards
  A hound skeleton (D:6)
  13 adders
  A river rat (D:9)
  6 shadow imps
  An ooze (D:2)
  2 adder skeletons
  8 worms
  5 giant geckos
  20 orcs
  6 giant cockroaches
  5 goblins
  5 hobgoblins
  17 jackals
  2 quokkas (D:7)
  15 bats
  A giant gecko skeleton (D:5)
  8 giant newts
  A jackal skeleton (D:6)
  7 kobolds
  A quokka skeleton (D:9)
  18 rats
  A fungus (D:9)
226 creatures vanquished.

Notes
Turn   | Place    | Note
--------------------------------------------------------------
     0 | D:1      | Ordine the Troll Monk began the quest for the Orb.
     0 | D:1      | Reached XP level 1. HP: 22/22 MP: 0/0
   280 | D:1      | Reached XP level 2. HP: 29/29 MP: 1/1
   950 | D:2      | Found a glowing golden altar of the Shining One.
  1012 | D:2      | Reached XP level 3. HP: 32/36 MP: 2/2
  1218 | D:2      | Found an iron altar of Okawaru.
  1244 | D:2      | Reached skill level 5 in Unarmed Combat
  1627 | D:2      | Reached XP level 4. HP: 40/44 MP: 3/3
  1872 | D:3      | Noticed Natasha
  1879 | D:3      | Killed Natasha
  1999 | D:3      | Noticed Natasha
  2006 | D:3      | Killed Natasha
  2006 | D:3      | Reached XP level 5. HP: 48/53 MP: 4/4
  2065 | D:3      | Noticed Natasha
  2070 | D:3      | Killed Natasha
  2424 | D:4      | Noticed zigs's ghost (amateur SpWz)
  2447 | D:4      | Killed zigs's ghost
  2447 | D:4      | Reached skill level 6 in Unarmed Combat
  2447 | D:4      | Reached XP level 6. HP: 61/61 MP: 5/5
  2614 | D:4      | You fall through a shaft for 3 floors!
  2767 | D:5      | Entered Level 5 of the Dungeon
  2837 | D:4      | Reached XP level 7. HP: 54/68 MP: 6/6
  3102 | D:5      | Reached skill level 7 in Unarmed Combat
  3192 | D:5      | Noticed ZlagarX's ghost (novice DrSk)
  3216 | D:5      | Killed ZlagarX's ghost
  3472 | D:5      | Reached XP level 8. HP: 77/79 MP: 7/7
  3475 | D:5      | Reached skill level 8 in Unarmed Combat
  4335 | D:6      | Found a sacrificial altar of Ru.
  4356 | D:6      | Found a radiant altar of Vehumet.
  4409 | D:6      | Reached skill level 5 in Dodging
  4442 | D:6      | Got a transparent marble ring
  4464 | D:6      | Identified the ring "Atoxt" {-Tele rF+ rC+ EV+3 Dex+8} (You found it on level 6 of the Dungeon)
  4480 | D:6      | Noticed Edmund
  4493 | D:6      | Killed Edmund
  4534 | D:6      | Reached skill level 5 in Fighting
  4680 | D:6      | Reached skill level 9 in Unarmed Combat
  4826 | D:6      | Found a sparkling altar of Nemelex Xobeh.
  4976 | D:6      | Found a glowing silver altar of Zin.
  5123 | D:6      | Found a staircase to the Ecumenical Temple.
  5127 | Temple   | Entered the Ecumenical Temple
  5545 | D:7      | Reached XP level 9. HP: 84/88 MP: 8/8
  5562 | D:7      | Got a translucent quarterstaff
  5563 | D:7      | Identified the cursed +0 quarterstaff of Gecyoni {drain, rF++ rC+} (You found it on level 7 of the Dungeon)
  5923 | D:7      | Found an ancient bone altar of Kikubaaqudgha.
  6225 | D:8      | Reached skill level 10 in Unarmed Combat
  6356 | D:8      | Identified the Almanac of Venomous Transmigration
  7130 | D:8      | Found a bloodstained altar of Trog.
  7533 | D:9      | Found a staircase to the Lair.
  7667 | D:9      | Reached XP level 10. HP: 100/100 MP: 9/9
  7797 | D:9      | Reached skill level 11 in Unarmed Combat
  8416 | Lair:1   | Entered Level 1 of the Lair of Beasts
  8715 | Lair:1   | Noticed a five-headed hydra
  8758 | Lair:1   | Found a frozen archway.
  8767 | IceCv    | Entered an ice cave
  8879 | IceCv    | Noticed an ice statue
  8879 | IceCv    | Noticed an ice statue
  8885 | IceCv    | Killed an ice statue
  8885 | IceCv    | Reached skill level 12 in Unarmed Combat
  8914 | IceCv    | Killed an ice statue
  9124 | IceCv    | Noticed Ordine's ghost (journeyman MiBe)
  9134 | IceCv    | HP: 6/153 [Ordine's ghost (7)]
  9141 | IceCv    | Slain by Ordine's ghost

Vault maps used:
D:1:      erik_arrival_blinker_ship, kennysheep_crisscross
D:2:      old_standard_altar, nicolae_overflow_crystal_walls, first_bread
D:3:      st_stairs_10, uniq_natasha
D:6:      lemuel_round_altar, fiery_altar_vehumet, zin_scriptorium,
          temple_hall_moat, nemelex_xobeh_ov_fountains_minmay, uniq_edmund
D:7:      kennysheep_mini
D:8:      lemuel_round_altar, blue_anna_alchemist, minmay_misc_feat_doors
D:9:      grunt_lair_entry_elf_guard_hut
Temple:   chambers_temple_12
Lair:1:   portal_ice_cave_entry_imps
IceCv:    ice_cave_tombish

Action                   |  1- 3 |  4- 6 |  7- 9 | 10-12 || total
-------------------------+-------+-------+-------+-------++-------
Melee: Unarmed           |   108 |   147 |   317 |   127 ||   699
Throw: Large rock        |       |     3 |     6 |     8 ||    17
       Stone             |       |     1 |       |       ||     1
       Javelin           |       |       |       |     4 ||     4
  Use: Scroll            |    12 |     2 |     6 |     4 ||    24
       Potion            |       |       |     6 |     5 ||    11
 Stab: Sleeping          |     4 |     2 |    12 |       ||    18
  Eat: Chunk             |    18 |    12 |    41 |    12 ||    83
